 Dungeon Crawl Stone Soup version 0.17.0-22-g5edae84 (webtiles) character file.

571 septik the Cudgeler (level 7, -2/44 HPs)
             Began as a Gargoyle Fighter on Nov 12, 2015.
             Splashed by a jelly's acid (7 damage)
             ... on level 5 of the Dungeon.
             The game lasted 00:08:28 (4176 turns).

septik the Cudgeler (Gargoyle Fighter)              Turns: 4176, Time: 00:08:28

Health: -2/44      AC: -2    Str: 19    XL:     7   Next: 34%
Magic:  7/7        EV:  5    Int:  9    God:
Gold:   218        SH:  9    Dex: 11    Spells: 0 memorised, 6 levels left

rFire  . . .     SeeInvis .     A - +0 flail (crush)
rCold  + . .     Clarity  .     B - +2 chain mail {rC+}
rNeg   + . .     SustAt   .     c - +0 shield
rPois  ∞         Gourm    .     h - +0 helmet
rElec  +         Spirit   .     (no cloak)
rCorr  .         Warding  .     (no gloves)
rMut   .         Stasis   .     (no boots)
MR     .....                    (no amulet)
Stlth  ..........               (no ring)
                                (no ring)

@: corroded equipment, not resistant to hostile enchantments, extremely
unstealthy
A: negative energy resistance 1, electricity resistance, unbreathing,
petrification resistance, rot immunity, AC +4
a: no special abilities


You were on level 5 of the Dungeon.
You were not hungry.

You visited 1 branch of the dungeon, and saw 5 of its levels.

You collected 218 gold pieces.

Inventory:

Hand Weapons
 a - a +0 flail
 g - a cursed -2 hand crossbow
 m - a +0 whip of venom
 A - a +0 flail of crushing (weapon)
 D - a +1 whip of venom
Missiles
 i - 2 curare-tipped needles
 l - 174 stones (quivered)
 K - 2 throwing nets
Armour
 b - a +0 scale mail
 c - a +0 shield (worn)
 h - a +0 helmet (worn)
 y - a +0 robe of magic resistance
 B - a +2 chain mail of cold resistance (worn)
Wands
 F - a wand of paralysis (4)
Scrolls
 f - 2 scrolls of blinking
 j - 3 scrolls of identify
 k - a scroll of fog
 n - 2 scrolls of remove curse
 q - 2 scrolls of teleportation
 t - a scroll of noise {unknown}
 u - a scroll of amnesia {unknown}
 x - a scroll of enchant weapon {unknown}
 C - 3 scrolls of magic mapping {unknown}
 I - a scroll of random uselessness {unknown}
Potions
 d - a potion of might
 o - a potion of haste {unknown}
 p - a potion of brilliance {unknown}
 r - 3 potions of flight
 s - 2 potions of invisibility {unknown}
 v - 2 potions of lignification {unknown}
 z - 3 potions of curing {unknown}
 E - 2 potions of agility {unknown}
 G - a potion of berserk rage {unknown}
Comestibles
 e - 4 bread rations
 w - a slice of pizza
 H - 2 meat rations
 J - 3 chunks of flesh


   Skills:
 + Level 5.3 Fighting
 * Level 5.7 Maces & Flails
 + Level 5.1 Armour
 - Level 3.2 Shields


You had 6 spell levels left.
You didn't know any spells.

Dungeon Overview and Level Annotations

Branches:
Dungeon (5/15)
 Temple: D:4-7

Altars:
Ru


Innate Abilities, Weirdness & Mutations

You are resistant to torment.
Your stone body is resilient (AC +4).
You are immune to poison.
You resist negative energy.
You are resistant to electric shocks.
You can survive without breathing.
You are immune to petrification.
You are immune to rotting.


Message History

You hit the jelly. The acid corrodes you!
Your hands burn!
The jelly is almost dead.
The jelly hits you.
You are splashed with acid!
The acid burns!
You are too injured to fight recklessly!
You are too injured to fight recklessly!
You hit the jelly but do no damage.
Your hands burn!
The jelly is almost dead.
The jelly hits you but does no damage.
You hit the jelly but do no damage.
Your hands burn!
* * * LOW HITPOINT WARNING * * *
The jelly is almost dead.
You block the jelly's attack. The jelly hits you.
* * * LOW HITPOINT WARNING * * *
You are splashed with acid!
The acid corrodes you!
The acid burns!
* * * LOW HITPOINT WARNING * * *
There is an escape hatch in the ceiling here.
The jelly hits you.
* * * LOW HITPOINT WARNING * * *
You are splashed with acid!
The acid burns!
You die...

#........#.#
#...#.##.#.#
#...#.##.#.# ###
#......# ####.#####
#.......# #.#.###.#
.####.#.###.#
.......@J##.#
#.###.##.#..#
######.######
#...........#
#.####.####.# .
#.#...... # ...
#.#.##.##.#
.....#.#.#...#.#.#
............_......


You could see a jelly.

Vanquished Creatures
  An ogre (D:4)
  A phantom (D:4)
  A gnoll shaman (D:4)
  2 orc priests (D:4)
  Terence (D:3)
  An orc wizard (D:4)
  A hound (D:4)
  13 gnolls
  3 adders
  A worm (D:3)
  2 giant geckos
  9 orcs
  6 bats
  5 giant cockroaches
  6 hobgoblins
  3 quokkas
  5 giant newts
  7 goblins
  3 kobolds
  9 rats
80 creatures vanquished.

Vanquished Creatures (others)
  A jackal (D:5)
1 creature vanquished.

Grand Total: 81 creatures vanquished

Notes
Turn   | Place    | Note
--------------------------------------------------------------
     0 | D:1      | septik the Gargoyle Fighter began the quest for the Orb.
     0 | D:1      | Reached XP level 1. HP: 14/14 MP: 1/1
   141 | D:1      | Reached XP level 2. HP: 16/19 MP: 2/2
   241 | D:1      | Reached XP level 3. HP: 19/23 MP: 3/3
  1430 | D:3      | Reached XP level 4. HP: 25/29 MP: 4/4
  1498 | D:3      | Noticed Terence
  1507 | D:3      | Killed Terence
  1510 | D:3      | Reached skill level 4 in Fighting
  1850 | D:3      | Reached XP level 5. HP: 23/33 MP: 5/5
  2728 | D:4      | Reached XP level 6. HP: 5/39 MP: 6/6
  3334 | D:4      | Reached skill level 5 in Maces & Flails
  3659 | D:4      | Noticed a phantom
  3703 | D:4      | Killed a phantom
  3703 | D:4      | Reached skill level 5 in Fighting
  3842 | D:4      | Noticed an ogre
  3850 | D:4      | Killed an ogre
  3850 | D:4      | Reached skill level 5 in Armour
  3850 | D:4      | Reached XP level 7. HP: 31/44 MP: 7/7
  4074 | D:5      | Entered Level 5 of the Dungeon
  4087 | D:5      | Found a sacrificial altar of Ru.
  4176 | D:5      | Splashed by a jelly's acid

Action                   |  1- 3 |  4- 6 |  7- 9 || total
-------------------------+-------+-------+-------++-------
Melee: Flail             |    12 |   185 |    22 ||   219
       Whip              |   112 |    12 |       ||   124
Throw: Stone             |     2 |       |       ||     2
  Use: Scroll            |       |     6 |       ||     6
 Stab: Sleeping          |     1 |       |       ||     1
  Eat: Chunk             |     2 |     7 |     2 ||    11
